Map: Cyber Forest LE

Players

Mantric

  • Race: Zerg Zerg
  • League: Diamond
  • Spawn Location: 11:00

Inkarnate - Winner!

  • Race: Terran Terran
  • League: Master
  • Spawn Location: 5:00

VOD

Have the link to the VOD?

Description

Time

  • Played on: April 6, 2019, 2:49 p.m.
  • Length: 11:53
Show
View Real Time Build Order
Export as new Build Order

Mantric Zerg 

Build Orders: Hatch First 

Get SALT Encoding   

  12  0:01  Drone  
  13  0:13  Overlord  
  13  0:17  Drone  
  14  0:31  Drone  
  14  0:32  Drone  
  14  0:35  Drone  
  17  0:53  Hatchery  
  17  0:56  Drone  
  17  1:02  Drone  
  18  1:06  Extractor  
  17  1:16  Spawning Pool  
  16  1:19  Drone  
  16  1:22  Drone  
  18  1:33  Overlord  
  18  1:44  Drone  
  19  2:03  Queen, Zergling x2  
  19  2:04  Zergling x2  
  19  2:05  Queen  
  19  2:06  Drone  
  26  2:11  Metabolic Boost  
  26  2:15  Drone  
  27  2:20  Drone  
  28  2:23  Drone  
  29  2:35  Drone  
  29  2:36  Drone  
  30  2:48  Zergling x2  
  30  2:49  Drone x2  
  33  2:53  Queen  
  35  3:03  Overlord  
  35  3:10  Hatchery  
  34  3:16  Extractor  
  34  3:17  Drone x2  
  35  3:24  Drone x5  
  41  3:27  Overlord  
  41  3:31  Extractor  
  40  3:36  Zergling x4  
  40  3:40  Drone  
  43  3:42  Overlord  
  43  3:50  Roach Warren  
  43  3:51  Drone x2  
  43  3:53  Drone  
  43  3:54  Drone  
  46  3:57  Extractor  
  46  4:00  Zergling x4  
  47  4:24  Zergling x6  
  50  4:25  Drone x3  
  50  4:27  Queen  
  50  4:28  Drone  
  56  4:41  Lair, Roach  
  56  4:42  Roach x3  
  56  4:43  Overlord x2  
  64  4:46  Pneumatized Carapace  
  64  4:49  Drone  
  65  4:53  Overlord x2  
  65  5:02  Roach  
  65  5:03  Roach x3  
  72  5:09  Spore Crawler  
  72  5:12  Roach x3  
  74  5:16  Roach  
  63  5:49  Glial Reconstitution  
  60  5:53  Drone  
  60  5:55  Roach  
  60  5:56  Roach x5  
  71  6:03  Evolution Chamber, Drone  
  71  6:04  Drone x2  
  73  6:06  Evolution Chamber  
  73  6:08  Hatchery  
  71  6:17  Ravager x2  
  71  6:18  Ravager x2  
  75  6:19  Roach, Extractor  
  75  6:21  Drone x5  
  78  7:04  Roach x4  
  81  7:13  Roach x7  
  90  7:15  Drone x2  
  90  7:21  Queen  
  93  7:23  Zerg Missile Weapons Level 1, Zerg Ground Armor Level 1  
  93  7:24  Roach x2  
  93  7:25  Overlord  
  97  7:39  Ravager  
  97  7:42  Overlord  
  97  7:43  Overlord  
  97  7:44  Drone x3  
  97  7:54  Roach x2  
  97  7:56  Ravager  
  96  8:05  Overseer  
  94  8:10  Ravager  
  94  8:11  Ravager  
  94  8:12  Ravager, Drone x2  
  94  8:13  Drone x2  
  93  8:23  Ravager  
  89  8:31  Roach x5  
  82  8:42  Drone x6  
  80  8:57  Roach x5  
  80  9:00  Ravager x2  
  80  9:01  Extractor  
  83  9:08  Drone x3  
  86  9:20  Roach  
  86  9:21  Roach x5  
  98  9:27  Hydralisk Den  
  98  9:28  Ravager  
  98  9:29  Ravager  
  98  9:30  Ravager  
  96  10:03  Spore Crawler, Drone x3  
  88  10:28  Roach  
  88  10:29  Roach x3  
  86  10:47  Roach x9  
  86  10:48  Roach x6  
  95  11:03  Ravager  
  86  11:04  Roach x3  
  86  11:05  Roach x5  
  86  11:06  Ravager x2  
  92  11:21  Roach x3  
  82  11:26  Roach x2  
  82  11:27  Roach x5  
  71  11:33  Ravager x3  
Show
View Real Time Build Order
Export as new Build Order

Inkarnate Terran - Winner!

Build Orders: Gas First Reaper Expand, Mech 

Get SALT Encoding   

  12  0:00  SCV  
  13  0:12  SCV  
  14  0:17  Supply Depot  
  14  0:25  SCV  
  14  0:28  Refinery  
  15  0:39  SCV  
  16  0:44  Barracks  
  16  0:52  SCV  
  18  1:04  SCV  
  18  1:16  SCV  
  19  1:33  Reaper, Orbital Command  
  20  1:48  Command Center  
  20  2:00  Factory  
  20  2:06  Barracks Reactor  
  20  2:12  Supply Depot  
  20  2:14  SCV  
  21  2:22  Refinery  
  21  2:26  SCV  
  22  2:38  SCV  
  25  2:51  Hellion x2  
  25  2:53  Barracks Tech Lab  
  25  2:55  SCV  
  28  3:05  Orbital Command  
  28  3:12  Marauder, Concussive Shells  
  29  3:16  Starport  
  28  3:20  Hellion  
  28  3:24  SCV  
  31  3:31  Hellion  
  31  3:33  SCV  
  34  3:39  Marauder  
  36  3:42  SCV  
  36  3:46  Hellion  
  39  3:48  SCV  
  39  3:53  Medivac  
  42  4:00  Supply Depot  
  42  4:06  Armory  
  42  4:08  Marauder  
  44  4:22  SCV x2, Hellion x2  
  50  4:34  Marine  
  50  4:35  SCV x2  
  50  4:37  Supply Depot  
  53  4:41  Liberator  
  56  5:00  Supply Depot  
  56  5:09  Hellion x2  
  56  5:11  SCV x2  
  56  5:14  Supply Depot  
  62  5:19  Factory  
  62  5:20  Refinery  
  62  5:21  Refinery  
  62  5:22  Marauder  
  62  5:23  SCV  
  65  5:32  SCV  
  65  5:35  SCV, Liberator  
  48  5:51  Marauder  
  48  5:52  Hellion x2  
  48  5:54  SCV x2  
  55  5:58  Command Center  
  55  6:03  Factory Tech Lab  
  55  6:05  Factory  
  55  6:07  SCV  
  55  6:08  SCV  
  57  6:17  Bunker  
  57  6:20  Marauder  
  57  6:21  Hellion  
  57  6:22  SCV, Hellion  
  57  6:23  SCV  
  65  6:27  Siege Tank  
  67  6:51  Factory Tech Lab  
  67  6:59  Siege Tank  
  67  7:00  SCV x2  
  71  7:03  Liberator  
  71  7:05  Hellion x2  
  75  7:13  Siege Tank  
  71  7:18  SCV x2  
  71  7:22  Marauder  
  76  7:23  Orbital Command  
  76  7:29  Hellion x2  
  78  7:30  SCV  
  79  7:41  SCV  
  79  7:42  SCV  
  79  7:43  Mag-Field Accelerator, Siege Tank  
  84  7:47  Supply Depot  
  84  7:48  Supply Depot  
  81  8:00  Liberator  
  81  8:05  SCV x2  
  83  8:06  Supply Depot  
  83  8:09  Supply Depot  
  83  8:16  Siege Tank x2  
  83  8:17  Hellion x2  
  96  8:32  Orbital Command  
  93  8:38  Hellion x2  
  93  8:44  Marine  
  94  8:48  Cyclone x2  
  92  8:58  SCV  
  92  8:59  SCV x2  
  95  9:05  Hellion x2  
  99  9:11  SCV  
  99  9:15  Terran Vehicle And Ship Armor Level 1, Armory, Starport Reactor  
  100  9:17  Infernal Pre-Igniter  
  100  9:18  Factory  
  100  9:24  Cyclone x2  
  106  9:37  Liberator x2  
  101  9:46  Hellion x2  
  97  9:55  SCV x3  
  97  9:57  Refinery x2  
  97  9:59  Command Center  
  103  10:00  Cyclone x2  
  103  10:07  Factory Tech Lab  
  109  10:08  SCV x2  
  109  10:09  Factory  
  109  10:12  Supply Depot  
  109  10:13  Supply Depot  
  108  10:29  Hellion  
  108  10:30  Hellion, Cyclone  
  108  10:31  SCV x3  
  118  10:37  Engineering Bay  
  118  10:40  Liberator  
  118  10:41  Cyclone x2  
  121  10:47  Supply Depot  
  122  10:57  Hellion x2  
  122  11:02  Cyclone  
  128  11:04  SCV x3  
  128  11:05  Factory Tech Lab  
  128  11:08  Supply Depot  
  109  11:31  Hellion x2  
  114  11:33  SCV x3  
  117  11:40  Fusion Core  
  117  11:43  Starport  
Tags
 
Add a new tag
Caveats
  • Supply blocks, unpowered buildings, or Contaminate may cause inaccurate times.
  • Supply counts are checked every 10 seconds.